 Dungeon Crawl Stone Soup version 0.29-a0-243-g602b31c20e (webtiles) character file.

Game seed: 7860530000715797383

142 horus123 the Magician (level 5, -7/38 HPs)
             Began as a Draconian Ice Elementalist on Mar 5, 2022.
             Mangled by Menkaure (15 damage)
             ... on level 4 of the Dungeon.
             The game lasted 00:07:24 (4618 turns).

horus123 the Magician (Draconian Ice Elementalist)  Turns: 4618, Time: 00:07:25

Health: -7/38      AC: 12    Str: 10    XL:     5   Next: 3%
Magic:  14/21      EV: 16    Int: 18    God:
Gold:   159        SH:  0    Dex: 11    Spells: 2/13 levels left

rFire   . . .      SeeInvis .   c - +0 short sword
rCold   . . .      Faith    .   (no shield)
rNeg    . . .      Spirit   .   (body armour unavailable)
rPois   .          Reflect  .   (helmet restricted)
rElec   .          Harm     .   (no cloak)
rCorr   .          Rampage  .   i - +0 pair of gloves
Will    .....                   (no boots)
Stlth   ++........              (no amulet)
HPRegen 0.12/turn               g - ring of magical power
MPRegen 0.17/turn               k - +4 ring of evasion

@: ice-armoured, freezing walls
A: AC +5, unfitting armour, cold-blooded
a: no special abilities


You were on level 4 of the Dungeon.
You visited 1 branch of the dungeon, and saw 4 of its levels.

You collected 159 gold pieces.

Inventory:

Hand Weapons
 c - a +0 short sword (weapon)
Armour
 i - a +0 pair of gloves (worn)
Jewellery
 g - a ring of magical power (left hand)
 h - a ring of protection from fire
 k - a +4 ring of evasion (right hand)
Scrolls
 e - 2 scrolls of fear
 j - a scroll of blinking
Potions
 a - a potion of ambrosia {unknown}
 b - a potion of mutation {unknown}
 d - 2 potions of magic
 f - 2 potions of heal wounds {unknown}
 l - a potion of degeneration {unknown}


   Skills:
 - Level 1.7 Dodging
 - Level 1.7 Stealth
 + Level 4.9 Spellcasting
 - Level 4.0 Ice Magic


You had 2 spell levels left.
You knew the following spells:

 Your Spells              Type           Power      Damage    Failure   Level
a - Freeze                Ice            72%        1d9       2%          1
b - Frozen Ramparts       Ice            36%        1d5       8%          3
c - Ozocubu's Armour      Ice            18%        N/A       8%          3
d - Hailstorm             Conj/Ice       11%        3d5       52%         4

Your spell library contained the following spells:

 Spells                   Type           Power      Damage    Failure   Level
 Foxfire                  Conj/Fire      16%        2x1d4     14%         1
 Blink                    Tloc           8%         N/A       21%         2
 Inner Flame              Hex/Fire       4%         N/A       38%         3
 Lesser Beckoning         Tloc           4%         N/A       38%         3
 Manifold Assault         Tloc           4%         N/A       98%         5
 Eringya's Noxious Bog    Tmut/Pois      2%         N/A       100%        6
 Starburst                Conj/Fire      2%         6d3       100%        6


Dungeon Overview and Level Annotations

Branches:
Dungeon (4/15)
 Temple: D:4-7

Altars:
Elyvilon
Makhleb
Wu Jian

Annotations:
D:4 Menkaure


Innate Abilities, Weirdness & Mutations

Your plain brown scales are hard. (AC +5)
You cannot fit into any form of body armour.
You are cold-blooded and may be slowed by cold attacks.


Message History

You now have 159 gold pieces (gained 8).
There is a stone staircase leading down here.
An adder comes into view.
The adder hisses angrily.
The adder bites you but does no damage.
You freeze the adder.
The adder is moderately wounded.
The adder barely misses you.
You freeze the adder.
The adder is severely wounded.
The adder closely misses you. x2
You freeze the adder!
You kill the adder!
You have reached level 5!
Menkaure shouts!
Menkaure casts a spell at you. Pain shoots through your body!
Hit: c) +0 short sword
Press: ? - help, Dir - move target, f - Menkaure
Aim: Menkaure (about 27% to evade your +0 short sword)
Your weapon can't reach that far!
Okay, then.
Casting: Freeze (safe; 2% risk of failure)
Confirm with . or Enter, or press ? or * to list all spells.
Casting: Frozen Ramparts (dangerous; 8% risk of failure)
Press: ? - help, Dir - look around, f - activate The walls around you are covered in ice.
Menkaure resists.
The wall freezes Menkaure.
Menkaure hits you!
* * * LOW HITPOINT WARNING * * *
Casting: Frozen Ramparts (dangerous; 8% risk of failure)
Confirm with . or Enter, or press ? or * to list all spells.
A film of ice covers your body!
You are too injured to fight recklessly!
Aiming: Freeze (safe; 2% risk of failure)
Press: ? - help, Q - select action, (/) - cycle Shift-Dir - straight line, f - Menkaure
Aim: Menkaure (lightly damaged)
You freeze Menkaure.
Menkaure resists.
Menkaure is lightly damaged.
Menkaure resists.
The wall freezes Menkaure.
Menkaure hits you!
You die...

###....#####..# ##...#####..# .#
## #..........# .
.#####..........## .#
...#....#######..## ..# ##......#
##..##..# #..###.# ##.....# #..#
.. ##.....##. ##.## #.#
#@........ #..# #..##
##.M........ #..# #..#
#........#...# ..##
#..###.......###..# #. .(##
#..#.......## #..####... ...##
#.........## #..#......
#...######........## #....).<..
#..........##.....# ####.........
..........####....###............


You could see Menkaure.

Vanquished Creatures
  A hound (D:4)
  Robin (D:2)
  2 adders
  2 worms
  2 orcs
  4 ball pythons
  2 endoplasms
  4 giant cockroaches
  16 goblins
  11 hobgoblins
  A jackal (D:1)
  10 kobolds
  2 quokkas
  8 bats
  A frilled lizard (D:1)
  5 rats
72 creatures vanquished.

Vanquished Creatures (others)
  47 plants (D:3)
47 creatures vanquished.

Grand Total: 119 creatures vanquished

Notes
Turn   | Place    | Note
-------+----------+-------------------------------------------
     0 | D:1      | horus123 the Draconian Ice Elementalist began the quest for
                  | the Orb.
     0 | D:1      | Reached XP level 1. HP: 14/14 MP: 3/3
   347 | D:1      | Reached XP level 2. HP: 18/20 MP: 2/5
  1415 | D:2      | Reached XP level 3. HP: 26/26 MP: 4/7
  1419 | D:2      | Identified the -4 helmet "Myefredd" {rElec rN+}
  1419 | D:2      | Noticed Robin
  1684 | D:1      | Learned a level 3 spell: Frozen Ramparts
  1688 | D:1      | Learned a level 3 spell: Ozocubu's Armour
  1763 | D:2      | Killed Robin
  2527 | D:2      | Reached XP level 4. HP: 33/33 MP: 5/10
  2775 | D:3      | Learned a level 4 spell: Hailstorm
  3193 | D:3      | Found a large runed translucent door.
  3193 | D:3      | Found a large runed translucent door.
  3400 | D:3      | Got the Collected Works on Vitriolic Heat
  3417 | D:3      | Found a burning altar of Makhleb.
  3757 | D:3      | Found a white marble altar of Elyvilon.
  3788 | D:3      | Found an ornate altar of the Wu Jian Council.
  4295 | D:4      | Noticed Menkaure
  4494 | D:4      | Reached XP level 5. HP: 38/38 MP: 12/12
  4618 | D:4      | Mangled by Menkaure

Illustrated notes

Levels and vault maps discovered:
D:1:      dpeg_arrival_rooms_with_view, layout_basic, minmay_misc_feat_encased,
          minmay_hexomino_c4
D:2:      layout_loops_corners, minmay_tiny_reverse_x, uniq_robin
D:3:      layout_loops_ring, jmf_multi_god_temple2,
          lemuel_coloured_pillars_altar, serial_bayou, serial_bayou_lagoon_a,
          serial_bayou_pond_a, serial_bayou_crossing, serial_bayou_pond_a,
          chequers_serial_rivers_micro_c
D:4:      layout_layer_cave, minmay_close_crescents, uniq_menkaure

Skill      XL: |  1  2  3 |
---------------+----------+-----
Spellcasting   | 3 4 |  4.9
Dodging        | |  1.7
Stealth        | |  1.7
Ice Magic      | |  4.0

Action                   |  1- 3 |  4- 6 || total
-------------------------+-------+-------++-------
Melee: Short sword       |    13 |    11 ||    24
       Tailslap          |     1 |       ||     1
 Cast: Freeze            |    68 |    43 ||   111
       Ozocubu's Armour  |       |     1 ||     1
       Frozen Ramparts   |       |     1 ||     1
  Use: Scroll            |     5 |     3 ||     8
 Stab: Sleeping          |       |     3 ||     3
Armor: Skin              |    35 |    13 ||    48
Dodge: Dodged            |    52 |    36 ||    88

Table legend: (Time is in decaauts)
 A = Elapsed time spent in this place.
 B = Non-inter-level travel time spent in this place.
 C = Inter-level travel time spent in this place.
 D = Time resting spent in this place.
 E = Time spent auto-exploring this place.
 F = Levels seen in this place.
 G = Mean time per level.
                   A        B        C        D        E       F      G
               +--------+--------+--------+--------+--------+-----+--------+
         Total |   4639 |   4546 |     93 |    541 |   3363 |   4 | 1159.8 |
       Dungeon |   4639 |   4546 |     93 |    541 |   3363 |   4 | 1159.8 |
               +--------+--------+--------+--------+--------+-----+--------+

Top non-repeatable levels by time:
     D:1: 1731 daAuts
     D:3: 1181 daAuts
     D:2: 1007 daAuts
     D:4: 718 daAuts
